 Dungeon Crawl Stone Soup version 0.30-a0-1114-gd936c97349 (webtiles) character file.

Game seed: 4544052367671361685

107 odemus the Conjurer (level 4, -2/24 HPs)
             Began as a Deep Elf Conjurer on Apr 19, 2023.
             Constricted to death by Ijyb (6 damage)
             ... on level 3 of the Dungeon on Apr 20, 2023.
             The game lasted 00:19:08 (2275 turns).

odemus the Conjurer (Deep Elf Conjurer)             Turns: 2275, Time: 00:19:09

Health: -2/24      AC:  2    Str:  4    XL:     4   Next: 56%
Magic:  16/21      EV: 10    Int: 25    God:
Gold:   142        SH:  0    Dex: 13    Spells: 8/11 levels left

rFire   . . .      SeeInvis .    (no weapon)
rCold   . . .      Faith    .    (no shield)
rNeg    + . .      Spirit   .    a - +0 robe
rPois   .          Reflect  .    (no helmet)
rElec   .          Rampage  .    (no cloak)
rCorr   .                        (no gloves)
Will    .....                    (no boots)
Stlth   ++                       (no amulet)
HPRegen 0.24/turn                c - ring of positive energy
MPRegen 0.17/turn                k - ring of magical power

@: about to teleport, grasped by roots, constricted
A: no striking features
a: no special abilities


You were on level 3 of the Dungeon.
You visited 1 branch of the dungeon, and saw 3 of its levels.

You collected 142 gold pieces.

Inventory:

Armour
 a - a +0 robe (worn)
Jewellery
 c - a ring of positive energy (left hand)
 k - a ring of magical power (right hand)
Scrolls
 e - 2 scrolls of teleportation
 i - 3 scrolls of identify {unknown}
 j - a scroll of vulnerability {unknown}
 l - a scroll of poison {unknown}
 n - a scroll of enchant armour {unknown}
 p - a scroll of noise {unknown}
 q - a scroll of torment {unknown}
 s - a scroll of enchant weapon {unknown}
 t - a scroll of blinking {unknown}
Potions
 b - a potion of magic
 d - a potion of degeneration {unknown}
 f - a potion of haste {unknown}
 g - a potion of curing {unknown}
 h - a potion of attraction {unknown}
 m - a potion of brilliance {unknown}
 o - a potion of lignification {unknown}
 r - a potion of cancellation {unknown}


   Skills:
 * Level 3.3 Dodging
 * Level 3.4 Stealth
 + Level 4.2 Spellcasting
 + Level 5.3 Conjurations


You had 8 spell levels left.
You knew the following spells:

 Your Spells              Type           Power      Damage    Failure   Level
a - Magic Dart            Conj           100%       1d8       1%          1
b - Searing Ray           Conj           62%        2d6       1%          2

Your spell library contained the following spells:

 Spells                   Type           Power      Damage    Failure   Level
 Dazzling Flash           Conj/Hex       36%        N/A       9%          3
 Mephitic Cloud           Conj/Pois/Air  14%        N/A       13%         3
 Call Imp                 Summ           10%        N/A       14%         2
 Vhi's Electric Charge    Tloc/Air       10%        N/A       26%         3
 Fulminant Prism          Conj/Hex       9%         3d6       30%         4
 Iskenderun's Mystic Bla  Conj/Tloc      18%        2d6       30%         4
 Arcjolt                  Conj/Air       9%         1d19      63%         5
 Plasma Beam              Fire/Air       2%         2x1d14    100%        6


Dungeon Overview and Level Annotations

Branches:
Dungeon (3/15)

Altars:

Annotations:
D:3 Ijyb


Message History

a +0 dagger; a goblin corpse Ijyb zaps a wand.
The roots erupt in riotous growth!
The grasping roots grab you! The grasping roots constrict you.
You escape the roots grasp.
Casting: Magic Dart (safe; 1% risk of failure)
Confirm with . or Enter, or press ? or * to list all spells.
Aiming: Magic Dart (safe; 1% risk of failure)
Press: ? - help, Shift-Dir - straight line, f - Ijyb
Aim: Ijyb, wielding a +0 dagger, wearing a +0 leather armour and carrying a wand of roots (5) (100% to hit)
The magic dart hits Ijyb but does no damage.
Ijyb zaps a wand.
The roots erupt in riotous growth!
The grasping roots grab you! The grasping roots constrict you.
Casting: Magic Dart (safe; 1% risk of failure)
Confirm with . or Enter, or press ? or * to list all spells.
Aiming: Magic Dart (safe; 1% risk of failure)
Press: ? - help, Shift-Dir - straight line, f/p - Ijyb
Aim: Ijyb, wielding a +0 dagger, wearing a +0 leather armour and carrying a wand of roots (4) (100% to hit)
The magic dart hits Ijyb!
Ijyb is moderately wounded.
The grasping roots constrict you!
The grasping roots release their grip on you.
Casting: Magic Dart (safe; 1% risk of failure)
Confirm with . or Enter, or press ? or * to list all spells.
Aiming: Searing Ray (safe; 1% risk of failure)
Press: ? - help, Shift-Dir - straight line, f/p - Ijyb
Aim: Ijyb, wielding a +0 dagger, wearing a +0 leather armour and carrying a wand of roots (4) (moderately wounded, 74% to hit)
The searing ray misses Ijyb. (Press . to maintain the ray.) Ijyb zaps a wand.
The roots erupt in riotous growth!
The grasping roots grab you! The grasping roots constrict you.
The searing ray hits Ijyb.
Ijyb is heavily wounded.
The grasping roots constrict you.
* * * LOW HITPOINT WARNING * * *
As you read the scroll of teleportation, it crumbles to dust.
You feel strangely unstable. The grasping roots constrict you.
You die...

#....####.#.##...#
#....# #.#.####.##
#....# #.#.# #...
#....# ##.#.# ####
##.#.###....#
#.#......#########
#.####...#.....#..
#.# #.†.†........
#@# #............
#g####g..>........
#.#...............
#.#.####....<.....
#...# #..........
#..## ##.........
#..# #......#..
#..# #g.#######
##.########).##


You could see Ijyb.

Vanquished Creatures
  3 adders (D:2)
  2 worms (D:2)
  2 dart slugs
  4 endoplasms
  2 giant cockroaches (D:2)
  8 goblins
  3 hobgoblins
  3 jackals (D:3)
  2 quokkas (D:1)
  9 ball pythons
  7 bats
  5 frilled lizards
  10 kobolds
  7 rats
67 creatures vanquished.

Vanquished Creatures (others)
  A plant (D:1)
1 creature vanquished.

Grand Total: 68 creatures vanquished

Notes
Turn   | Place    | Note
-------+----------+-------------------------------------------
     0 | D:1      | odemus the Deep Elf Conjurer began the quest for the Orb.
     0 | D:1      | Reached XP level 1. HP: 10/10 MP: 6/6
   201 | D:1      | Reached XP level 2. HP: 15/15 MP: 4/8
   330 | D:1      | Found a faded altar of an unknown god.
   600 | D:1      | Upgraded the game from 0.30-a0-1112-gfb780f5df6 to
                  | 0.30-a0-1114-gd936c97349
   606 | D:1      | Reached XP level 3. HP: 19/19 MP: 3/9
   624 | D:1      | Reached skill level 5 in Conjurations
   723 | D:1      | Learned a level 2 spell: Searing Ray
  1138 | D:2      | Reached XP level 4. HP: 24/24 MP: 11/11
  2247 | D:3      | Noticed Ijyb
  2275 | D:3      | Constricted to death by Ijyb

Illustrated notes

Levels and vault maps discovered:
D:1:      saegor_arrival_under_anarchy, layout_basic,
          shapermc_ecumenical_altar_starsandcircs
D:2:      wad_river_or_something, layout_basic
D:3:      layout_rooms, mainiacjoe_overflow_small_starburst, uniq_ijyb

Skill      XL: |  1  2  3  4 |
---------------+-------------+-----
Dodging        | 3 |  3.3
Conjurations   | 5 |  5.3
Stealth        | 3 |  3.4
Spellcasting   | 4 |  4.2

Action                     |  1- 3 |  4- 6 || total
---------------------------+-------+-------++-------
  Melee: Unarmed           |     2 |       ||     2
   Cast: Magic Dart        |    73 |    38 ||   111
         Searing Ray       |     1 |     4 ||     5
    Use: Scroll            |       |     2 ||     2
 Armour: Robe              |     4 |     2 ||     6
  Dodge: Dodged            |     7 |     2 ||     9

Table legend: (Time is in decaauts)
 A = Elapsed time spent in this place.
 B = Non-inter-level travel time spent in this place.
 C = Inter-level travel time spent in this place.
 D = Time resting spent in this place.
 E = Time spent auto-exploring this place.
 F = Levels seen in this place.
 G = Mean time per level.
                   A        B        C        D        E       F      G
               +--------+--------+--------+--------+--------+-----+--------+
         Total |   2277 |   2277 |      0 |      0 |    426 |   3 |  759.0 |
       Dungeon |   2277 |   2277 |      0 |      0 |    426 |   3 |  759.0 |
               +--------+--------+--------+--------+--------+-----+--------+

Top non-repeatable levels by time:
     D:2: 1088 daAuts
     D:1: 779 daAuts
     D:3: 409 daAuts
